 Dungeon Crawl Stone Soup version 0.31-a0-345-g1ebeae05c6 (webtiles) character file.

Game seed: 12074840474156845548

23 hashsling the Grasshopper (level 3, 0/28 HPs)
             Began as a Human Warper on July 23, 2023.
             Was an Initiate of Ru.
             Slain by a goblin
             ... wielding a +0 club
             ... led by Robin
              (1 damage)
             ... on level 2 of the Dungeon.
             The game lasted 00:05:38 (716 turns).

hashsling the Grasshopper (Human Warper)             Turns: 716, Time: 00:05:38

Health: 0/28       AC:  6    Str: 13    XL:     3   Next: 10%
Magic:  6/6        EV: 11    Int: 13    God:    Ru [......]
Gold:   78         SH:  0    Dex: 12    Spells: 6/6 levels left

rFire   . . .        a - +0 spear
rCold   . . .        (no shield)
rNeg    . . .        b - +0 leather armour
rPois   .            h - +2 helmet
rElec   .            (no cloak)
rCorr   .            (no gloves)
SInv    .            (no boots)
Will    .....        (no amulet)
Stlth   +            (no ring)
HPRegen 0.24/turn    (no ring)
MPRegen 0.10/turn

%: no passive effects
@: no status effects
A: no striking features
a: Renounce Religion, Sacrifice Drink, Sacrifice Resistance, Sacrifice Forms,
Reject Sacrifices


You were on level 2 of the Dungeon.
You worshipped Ru.
Ru was noncommittal.
You visited 1 branch of the dungeon, and saw 2 of its levels.

You collected 78 gold pieces.

Inventory:

Hand Weapons
 a - a +0 spear (weapon)
Missiles
 d - 7 boomerangs of dispersal (quivered)
Armour
 b - a +0 leather armour (worn)
 h - a +2 helmet (worn)
Scrolls
 c - 2 scrolls of blinking
 e - a scroll of teleportation {unknown}
 f - a scroll of vulnerability {unknown}
 j - a scroll of fog {unknown}
Potions
 g - a potion of mutation {unknown}
 i - a potion of magic {unknown}
 k - a potion of enlightenment {unknown}


   Skills:
 + Level 2.3 Fighting
 + Level 2.2 Polearms
 + Level 1.2 Throwing
 + Level 1.3 Armour
 + Level 2.1 Dodging
 + Level 2.1 Spellcasting
 + Level 3.1 Translocations


You had 6 spell levels left.
You didn't know any spells.
Your spell library contained the following spells:

 Spells                   Type           Power      Damage    Failure   Level
 Blink                    Tloc           18%        N/A       13%         2
 Lesser Beckoning         Tloc           18%        N/A       13%         2
 Teleport Other           Tloc           9%         N/A       26%         3
 Vhi's Electric Charge    Tloc/Air       10%        N/A       45%         3
 Manifold Assault         Tloc           9%         N/A       65%         4


Dungeon Overview and Level Annotations

Branches:
Dungeon (2/15)

Altars:
Ru

Annotations:
D:2 Robin, Sigmund


Message History

The goblin hits you with a +0 club.
You barely miss the goblin.
The goblin no longer looks unusually strong.
Robin throws the goblin at you!
The goblin hits you but does no damage. x2
The goblin misses you.
The goblin shoots a sling bullet.
The sling bullet barely misses you.
The sling bullet hits the goblin.
The goblin dies!
Found a ring mail.
The hobgoblin no longer looks unusually strong.
The goblin closely misses you. Robin throws the goblin at you!
The goblin misses you. The goblin hits you with a +0 club.
* * * LOW HITPOINT WARNING * * *
The goblin shoots a sling bullet.
The sling bullet hits you.
* * * LOW HITPOINT WARNING * * *
Things that are here:
a +0 club; a goblin corpse Memorise Blink, consuming 2 spell levels and leaving 4?
The goblin no longer looks unusually strong.
The goblin completely misses you. The goblin hits you but does no damage.
Your memorisation is interrupted.
The goblin barely misses you.
The goblin shoots a sling bullet.
The sling bullet closely misses you.
The goblin hits you but does no damage. x2
The goblin attacks as you move away! The goblin hits you with a +0 club.
* * * LOW HITPOINT WARNING * * *
The goblin no longer looks unusually strong.
The goblin attacks as you move away! The goblin hits you with a +0 dagger.
* * * LOW HITPOINT WARNING * * *
The goblin no longer looks unusually strong.
The hobgoblin no longer looks unusually strong.
Robin throws the goblin at you! The goblin hits you but does no damage.
The goblin closely misses you. The goblin attacks as you move away!
The goblin barely misses you.
A worm comes into view.
The goblin hits you but does no damage.
The goblin no longer looks unusually strong.
The goblin attacks as you move away! The goblin hits you with a +0 club.
* * * LOW HITPOINT WARNING * * *
You see here a +0 ring mail.
The goblin attacks as you move away! The goblin hits you with a +0 club.
You die...

#....g.g S.#...S..
##........
###....@S ##.....
#.g... ##.....
#############gS@..$
#.@g.gg.g).)).S..[.
#..g.g.g...########
#..w..........#
####..........#
############


You could see a worm, 2 hobgoblins and 5 goblins.

Vanquished Creatures
  A dart slug (D:1)
  2 endoplasms (D:1)
  3 giant cockroaches (D:1)
  3 goblins (D:2)
  2 hobgoblins (D:1)
  2 quokkas (D:1)
  2 bats (D:1)
  2 frilled lizards (D:1)
  A kobold (D:1)
18 creatures vanquished.

Vanquished Creatures (others)
  A goblin (D:2)
1 creature vanquished.

Grand Total: 19 creatures vanquished

Notes
Turn   | Place    | Note
-------+----------+-------------------------------------------
     0 | D:1      | hashsling the Human Warper began the quest for the Orb.
     0 | D:1      | Reached XP level 1. HP: 16/16 MP: 3/3
   170 | D:1      | Reached XP level 2. HP: 22/22 MP: 5/5
   413 | D:1      | Found a faded altar of an unknown god.
   647 | D:1      | Prayed at the altar of an unknown god.
   647 | D:1      | Became a worshipper of Ru the Awakened
   684 | D:2      | Noticed Robin
   684 | D:2      | Noticed Sigmund
   698 | D:2      | Reached XP level 3. HP: 22/27 MP: 6/6
   715 | D:2      | HP: 1/28 [goblin/+0 club[Robin] (3)]
   716 | D:2      | Slain by a goblin

Illustrated notes

Levels and vault maps discovered:
D:1:      lemuel_arrival_muddy, layout_rooms,
          hellmonk_ecumenical_altar_leap_of_faith
D:2:      layout_rooms, uniq_robin, uniq_sigmund

Action                     || total
---------------------------++-------
  Melee: Spear             ||    85
         Punch             ||     5
 Armour: Leather armour    ||    30
  Dodge: Dodged            ||    61

Table legend: (Time is in decaauts)
 A = Elapsed time spent in this place.
 B = Non-inter-level travel time spent in this place.
 C = Inter-level travel time spent in this place.
 D = Time resting spent in this place.
 E = Time spent auto-exploring this place.
 F = Levels seen in this place.
 G = Mean time per level.
                   A        B        C        D        E       F      G
               +--------+--------+--------+--------+--------+-----+--------+
         Total |    716 |    657 |     59 |      0 |    432 |   2 |  358.0 |
       Dungeon |    716 |    657 |     59 |      0 |    432 |   2 |  358.0 |
               +--------+--------+--------+--------+--------+-----+--------+

Top non-repeatable levels by time:
     D:1: 693 daAuts
     D:2: 23 daAuts
